Map: Orbital Shipyard

Players

SticklerMac - Winner!

  • Race: Zerg Zerg
  • League: Grandmaster

Ликей

  • Race: Terran Terran
  • League: Grandmaster

VOD

Have the link to the VOD?

Description

Time

  • Played on: June 14, 2015, 1:24 a.m.
  • Length: 14:30
Show
View Real Time Build Order
Export as new Build Order

SticklerMac Zerg - Winner!

Build Orders: Pool First 

Get SALT Encoding   

  12  0:01  Drone  
  13  0:13  Overlord  
  13  0:17  Drone  
  14  0:24  Extractor  
  14  0:25  Drone  
  14  0:33  Drone  
  14  0:35  Drone  
  16  0:50  Spawning Pool  
  16  0:52  Drone  
  16  0:57  Drone  
  17  1:07  Drone  
  18  1:18  Drone  
  19  1:28  Drone  
  20  1:34  Hatchery  
  20  1:38  Metabolic Boost  
  19  1:45  Overlord  
  19  1:55  Queen  
  19  2:00  Zergling x2  
  22  2:05  Zergling x2  
  23  2:14  Zergling x2  
  24  2:24  Drone  
  25  2:31  Queen  
  25  2:32  Overlord  
  27  2:43  Drone  
  28  2:45  Queen  
  28  2:47  Drone  
  28  2:50  Spore Crawler  
  30  2:54  Spore Crawler  
  30  2:58  Drone x2  
  31  3:15  Spore Crawler  
  31  3:17  Drone x3, Spore Crawler  
  32  3:22  Extractor  
  31  3:47  Drone  
  33  3:48  Drone  
  33  3:58  Drone x3  
  33  3:59  Drone x3  
  39  4:08  Lair  
  39  4:25  Drone  
  39  4:30  Drone x2  
  39  4:31  Drone x2  
  44  4:32  Overlord  
  44  4:33  Overlord  
  44  4:37  Overlord  
  44  4:42  Hatchery  
  43  4:56  Extractor  
  43  4:58  Drone x3, Extractor  
  43  4:59  Drone  
  45  5:01  Drone x2  
  47  5:15  Zergling x18  
  47  5:21  Baneling Nest  
  55  5:32  Spire  
  54  5:44  Drone x3  
  54  5:45  Drone x3  
  54  5:46  Drone  
  61  6:07  Zergling x2  
  61  6:08  Zergling x20  
  72  6:31  Hatchery  
  71  6:49  Mutalisk  
  71  6:51  Overlord x2  
  71  6:52  Overlord x4  
  73  7:09  Queen  
  75  7:16  Mutalisk  
  75  7:17  Mutalisk x5  
  75  7:18  Mutalisk x5  
  97  7:23  Mutalisk  
  97  7:24  Mutalisk  
  101  7:36  Mutalisk  
  101  7:37  Mutalisk x2  
  107  8:18  Overlord  
  107  8:19  Overlord x2  
  107  8:23  Baneling x9  
  107  8:24  Baneling x7  
  107  8:25  Zergling x24  
  107  8:26  Zergling x2  
  120  8:30  Infestation Pit  
  120  8:33  Drone  
  120  8:34  Drone x3  
  123  9:23  Hive  
  123  9:30  Evolution Chamber  
  122  9:32  Evolution Chamber  
  121  10:23  Drone x13  
  121  10:27  Zerg Melee Weapons Level 1  
  134  10:28  Zerg Ground Armor Level 1  
  134  10:29  Centrifical Hooks  
  134  10:42  Spine Crawler  
  133  10:45  Ultralisk Cavern  
  133  11:09  Overlord x3  
  133  11:10  Overlord x6  
  133  11:40  Chitinous Plating  
  133  11:43  Ultralisk  
  133  11:44  Ultralisk x5  
  169  11:49  Extractor  
  169  11:52  Extractor  
  167  11:58  Drone x7  
  167  11:59  Drone x4  
  178  12:01  Ultralisk  
  184  12:48  Ultralisk  
  184  12:49  Ultralisk  
  196  12:55  Viper  
  196  12:57  Zergling x2  
Show
View Real Time Build Order
Export as new Build Order

Ликей Terran 

Build Orders: Bio Hellbat 

Get SALT Encoding   

  12  0:57  Command Center  
  12  1:10  Supply Depot, Refinery  
  12  1:11  SCV  
  13  1:12  Supply Depot, Refinery  
  13  1:30  SCV  
  14  1:44  SCV  
  15  1:50  Barracks  
  15  1:56  SCV  
  17  2:08  SCV  
  17  2:10  SCV  
  18  2:20  SCV  
  18  2:22  SCV  
  20  2:41  Orbital Command  
  20  2:42  Orbital Command  
  20  2:45  Marine  
  21  3:00  Factory  
  21  3:03  Marine  
  22  3:08  SCV x2  
  24  3:20  SCV  
  24  3:21  SCV, Marine  
  27  3:31  Engineering Bay  
  27  3:35  Engineering Bay  
  27  3:39  Marine  
  28  3:43  SCV x2  
  28  3:45  Widow Mine  
  32  3:55  SCV x2, Barracks  
  33  4:00  Marine  
  35  4:07  SCV x2  
  37  4:13  Terran Infantry Weapons Level 1, Terran Infantry Armor Level 1  
  37  4:19  SCV  
  37  4:20  SCV  
  37  4:22  Marine  
  40  4:32  Barracks  
  40  4:36  Command Center  
  40  4:43  Armory  
  40  4:44  Marine x2  
  42  4:54  Supply Depot  
  42  4:56  Factory Reactor  
  42  5:02  Marine x2  
  42  5:03  SCV  
  42  5:04  SCV  
  46  5:16  SCV x2  
  48  5:25  Factory  
  48  5:30  Barracks Tech Lab  
  48  5:31  Barracks Tech Lab  
  48  5:39  Barracks Reactor  
  48  5:41  Terran Vehicle Weapons Level 1  
  48  5:46  Armory  
  48  5:47  SCV  
  48  5:48  SCV  
  50  5:53  Refinery x2  
  50  5:59  Hellbat x2  
  50  6:00  SCV x2  
  56  6:07  Combat Shields, Concussive Shells  
  56  6:12  Factory Tech Lab  
  56  6:18  Marauder x2  
  60  6:19  Marine x2  
  60  6:22  Terran Infantry Weapons Level 2  
  62  6:33  SCV x2  
  62  6:39  Orbital Command  
  64  6:44  Infernal Pre-Igniter  
  64  6:48  Hellbat x2  
  64  6:50  Stimpack  
  68  6:59  Hellbat  
  70  7:05  Supply Depot, SCV x2  
  70  7:07  Supply Depot x2  
  72  7:14  Orbital Command  
  72  7:19  Starport  
  72  7:38  Terran Infantry Armor Level 2  
  72  7:42  SCV  
  73  7:48  SCV x2  
  75  7:54  SCV  
  75  7:57  Medivac  
  78  8:00  SCV x2  
  80  8:06  SCV  
  80  8:12  SCV x2  
  83  8:13  Marauder x2  
  83  8:17  Marine  
  83  8:18  Marine  
  83  8:19  SCV  
  90  8:22  Refinery  
  90  8:23  Refinery  
  90  8:24  SCV x2  
  92  8:27  Medivac  
  92  8:31  SCV  
  95  8:34  Terran Vehicle Weapons Level 2, Terran Vehicle Armor Level 1  
  95  8:35  Marine, Marauder x2  
  95  8:36  SCV, Marine  
  95  8:37  SCV  
  103  8:45  Hellbat x3  
  109  8:53  Marine x2  
  109  8:55  Terran Infantry Weapons Level 3  
  111  8:56  Marauder x2  
  111  8:57  Medivac  
  117  9:11  Marine  
  117  9:12  Starport  
  118  9:17  Marauder  
  118  9:18  Marauder  
  122  9:26  Marine  
  122  9:29  Marine  
  124  9:36  Hellbat  
  124  9:38  Hellbat  
  125  9:40  Marauder  
  125  9:49  Marine x2  
  124  9:59  Hellbat x2  
  124  10:00  Hellbat, Missile Turret x2, Marauder  
  124  10:03  Marauder  
  124  10:05  Missile Turret  
  124  10:06  Marine  
  124  10:07  Marine  
  122  10:08  Missile Turret  
  122  10:10  Missile Turret x2  
  123  10:14  Missile Turret  
  123  10:21  Missile Turret x2, Hellbat  
  125  10:25  Missile Turret  
  125  10:29  Missile Turret  
  125  10:30  Missile Turret  
  125  11:07  Supply Depot  
  125  11:09  Supply Depot  
  125  11:10  Supply Depot x2  
  125  11:11  Supply Depot x2  
  125  11:13  Supply Depot, Terran Infantry Armor Level 3  
  125  11:14  Supply Depot  
  125  11:17  Supply Depot, Starport Tech Lab  
  125  11:20  Supply Depot  
  125  11:24  Starport Tech Lab  
  125  11:28  SCV x3, Marauder x2, Marine  
  125  11:31  Hellbat  
  125  11:32  Hi-Sec Auto Tracking  
  135  11:37  Supply Depot x2, Missile Turret  
  135  11:38  Missile Turret  
  135  11:39  Missile Turret  
  135  11:47  Missile Turret  
  135  11:50  Marauder x2  
  135  11:52  Missile Turret  
  139  11:55  Missile Turret  
  139  11:58  Missile Turret x2  
  139  11:59  Missile Turret x2  
  139  12:00  Missile Turret  
  139  12:01  Missile Turret  
  139  12:02  Missile Turret  
  139  12:04  Marine  
  139  12:05  Marine  
  141  12:11  Hellbat, Marauder x2  
  141  12:12  Missile Turret  
  147  12:17  Hellbat  
  147  12:22  Marine x2  
  150  12:23  Missile Turret, Hellbat  
  153  12:33  Marauder x2, Raven, Hellbat  
  161  12:41  SCV  
  162  12:52  SCV x2  
  162  12:53  SCV  
  162  12:54  Marauder  
  167  13:04  SCV x2  
  167  13:05  SCV  
  170  13:15  Widow Mine x3  
  170  13:16  SCV  
  170  13:17  SCV  
  178  13:43  Widow Mine  
  178  13:44  Widow Mine x2  
Tags
 
Add a new tag
Caveats
  • Supply blocks, unpowered buildings, or Contaminate may cause inaccurate times.
  • Supply counts are checked every 10 seconds.